 Dungeon Crawl Stone Soup version 0.28.0 (webtiles) character file.

Game seed: 8338307854502219567

58 bande the Skirmisher (level 4, -3/29 HPs)
             Began as a Gargoyle Fighter on Feb 14, 2022.
             Killed from afar by Natasha (7 damage)
             ... with a magic dart
             ... on level 2 of the Dungeon.
             The game lasted 00:03:02 (1485 turns).

bande the Skirmisher (Gargoyle Fighter)             Turns: 1485, Time: 00:03:02

Health: -3/29      AC: 13    Str: 20    XL:     4   Next: 1%
Magic:  4/4        EV:  9    Int:  8    God:
Gold:   12         SH:  4    Dex: 11    Spells: 3/3 levels left

rFire   . . .      SeeInvis .   a - +0 war axe
rCold   . . .      Faith    .   c - +0 buckler
rNeg    + . .      Spirit   .   b - +0 scale mail
rPois   ∞          Reflect  .   (no helmet)
rElec   +          Harm     .   k - +2 cloak
rCorr   .          Rampage  .   (no gloves)
Will    .....                   (no boots)
Stlth   ..........              (no amulet)
HPRegen 0.09/turn               (no ring)
MPRegen 0.09/turn               (no ring)

@: attractive, slowed, very slow
A: sickness immunity, AC +3, negative energy resistance 1, electricity
resistance, torment resistance 1, petrification resistance
a: no special abilities


You were on level 2 of the Dungeon.
You visited 1 branch of the dungeon, and saw 2 of its levels.

You collected 12 gold pieces.

Inventory:

Hand Weapons
 a - a +0 war axe (weapon)
Armour
 b - a +0 scale mail (worn)
 c - a +0 buckler (worn)
 k - a +2 cloak (worn)
Jewellery
 h - an amulet of reflection
Scrolls
 e - a scroll of fear {unknown}
 f - a scroll of blinking {unknown}
 l - a scroll of identify {unknown}
Potions
 d - a potion of might
 g - a potion of attraction
 i - a potion of heal wounds {unknown}
 j - a potion of haste {unknown}


   Skills:
 + Level 3.8 Fighting
 + Level 2.7 Axes
 + Level 3.7 Armour
 + Level 3.6 Shields


You had 3 spell levels left.
You didn't know any spells.
Your spell library was empty.

Dungeon Overview and Level Annotations

Branches:
Dungeon (2/15)

Altars:

Annotations:
D:2 Natasha


Innate Abilities, Weirdness & Mutations

You are immune to sickness and miasma.
Your stone body is resilient. (AC +3)
You are immune to poison.
You resist negative energy. (rN+)
You are resistant to electric shocks. (rElec)
You are resistant to unholy torment.
You are immune to petrification.


Message History

You barely miss the goblin. You closely miss the orc.
The goblin hits you but does no damage.
You slash the orc!
You kill the orc!
You hit the orc. You hit the goblin. You hit the orc.
You block the goblin's attack. The orc hits you with a +0 whip.
You block the orc's attack. Natasha barely misses you.
The goblin hits you but does no damage.
You hit the orc.
You kill the orc!
You closely miss the goblin. You closely miss Natasha. You hit the orc.
You kill the orc!
The goblin hits you but does no damage.
Natasha mumbles some strange words.
Natasha's front paws start to glow.
Natasha stares at you and mumbles some strange words.
You feel yourself slow down.
You hit the goblin.
You kill the goblin!
You closely miss Natasha. You hit the orc. The orc hits you but does no damage.
Natasha claws you but does no damage. The orc barely misses you.
Natasha wildly gestures.
Natasha's front paws start to glow.
Natasha claws you.
You hit Natasha but do no damage. You hit the orc. The orc closely misses you.
Natasha claws you.
* * * LOW HITPOINT WARNING * * *
The orc hits you with a +0 hand axe.
* * * LOW HITPOINT WARNING * * *
Natasha barely misses you. You block the orc's attack.
You closely miss Natasha. You slash the orc!
You kill the orc!
Natasha claws you but does no damage. Natasha misses you.
You have reached level 4!
You feel stronger.
It was a potion of attraction.
You feel attractive to monsters.
Natasha stares at you and mumbles some strange words.
The magic dart hits you!
You die...

###########
..........#
..........#
..........#
.........######
.......<.......
###.#...#.#####
###.#.h)#.#..##
......)@.......
....##))#.#.#.[
...# #.(#[# ...
#..# # #. ....
..... .....
##.##..


You could see Natasha.

Vanquished Creatures
  An adder (D:2)
  A dart slug (D:1)
  5 orcs (D:2)
  A bat (D:1)
  4 endoplasms (D:1)
  4 goblins
  3 hobgoblins (D:1)
  4 jackals (D:1)
  A kobold (D:1)
  3 quokkas (D:1)
  3 ball pythons (D:1)
  3 frilled lizards (D:1)
  3 rats (D:1)
36 creatures vanquished.

Notes
Turn   | Place    | Note
-------+----------+-------------------------------------------
     0 | D:1      | bande the Gargoyle Fighter began the quest for the Orb.
     0 | D:1      | Reached XP level 1. HP: 14/14 MP: 1/1
   337 | D:1      | Reached XP level 2. HP: 17/19 MP: 2/2
   415 | D:1      | Found a faded altar of an unknown god.
   650 | D:1      | Reached XP level 3. HP: 20/24 MP: 3/3
  1474 | D:2      | Noticed Natasha
  1485 | D:2      | Reached XP level 4. HP: 3/29 MP: 4/4
  1485 | D:2      | Killed from afar by Natasha

Illustrated notes

Levels and vault maps discovered:
D:1:      saegor_arrival_miasma, layout_basic,
          dreamdust_ecumenical_altar_hidden_monk_grotto, serial_curves,
          eino_curves_04, eino_curves_02, eino_curves_03, minmay_circled_x
D:2:      layout_basic, uniq_natasha, uniq_jessica

Skill      XL: |  1  2 |
---------------+-------+-----
Axes           | 2 |  2.7
Fighting       | |  3.8
Armour         | |  3.7
Shields        | |  3.6

Action                   |  1- 3 |  4- 6 || total
-------------------------+-------+-------++-------
Melee: War axe           |    72 |       ||    72
  Use: Potion            |       |     1 ||     1
Armor: Scale mail        |    37 |       ||    37
Dodge: Dodged            |    47 |       ||    47
Block: Buckler           |    16 |       ||    16
